 Dungeon Crawl Stone Soup version 0.18.1-50-g88ac8fd (webtiles) character file.

9225 theRoog the Nimble (level 11, -2/99 HPs)
             Began as a Minotaur Berserker on Sept 16, 2016.
             Was a High Priest of Trog.
             Slain by a swamp worm (14 damage)
             ... on level 10 of the Dungeon.
             The game lasted 00:37:04 (9756 turns).

theRoog the Nimble (Minotaur Berserker)             Turns: 9756, Time: 00:37:04

Health: -2/99      AC: 19    Str: 25    XL:     11   Next: 20%
Magic:  8/8        EV: 13    Int:  4    God:    Trog [*****.]
Gold:   431        SH:  0    Dex: 17    Spells: 0 memorised, 10 levels left

rFire  + . .     SeeInvis .     F - +8 short sword "Hoageso" {pierce, Dex+5}
rCold  + . .     Gourm    .     p - +2 plate armour
rNeg   + . .     Faith    +     (no shield)
rPois  .         Spirit   .     (helmet unavailable)
rElec  .         Dismiss  .     f - +0 cloak
rCorr  .         Reflect  .     (no gloves)
SustAt .         Harm     .     l - +0 pair of boots
MR     .....                    P - amulet of faith
Stlth  ..........               B - ring of ice
                                v - ring of positive energy

@: studying Armour, not resistant to hostile enchantments, extremely unstealthy
A: retaliatory headbutt, horns 3, agile 1, blurry vision 1, fire resistance 2,
low mp 1
a: Berserk, Trog's Hand, Brothers in Arms, Burn Spellbooks, Renounce Religion


You were on level 10 of the Dungeon.
You worshipped Trog.
Trog was extremely pleased with you.
You were full.

You visited 1 branch of the dungeon, and saw 10 of its levels.
You also visited: Sewer.

You collected 431 gold pieces.

Inventory:

Hand Weapons
 a - a +0 spear
 h - a +2 battleaxe of pain
 k - a +1 longbow of freezing
 o - a +4 quarterstaff of chaos
 q - a +2 morningstar of freezing
 s - a +0 flail of draining
 w - a +0 trident
 C - a +1 halberd
 F - the +8 short sword "Hoageso" (weapon) {pierce, Dex+5}
   (You found it on level 4 of the Dungeon)

   It inflicts extra damage upon your enemies.
   It affects your dexterity (+5).
Missiles
 e - 22 arrows (quivered)
Armour
 f - a +0 cloak (worn)
 l - a +0 pair of boots (worn)
 p - a +2 plate armour (worn)
 I - a +3 leather armour of poison resistance
Jewellery
 v - a ring of positive energy (left hand)
 A - an uncursed ring of wizardry
 B - a ring of ice (right hand)
 H - an uncursed ring of sustain attributes {unknown}
 P - an amulet of faith (around neck)
 W - an uncursed ring of protection from magic {unknown}
Wands
 z - a wand of disintegration (9/24)
 L - a wand of random effects (32/48)
 O - a wand of flame (21/48)
Scrolls
 c - 3 scrolls of fog
 m - a scroll of magic mapping
 r - 8 scrolls of remove curse
 x - a scroll of summoning
 y - 5 scrolls of teleportation
 G - a scroll of blinking
 K - 2 scrolls of identify
 S - a scroll of vulnerability {unknown}
 U - a scroll of enchant weapon
 Y - a scroll of recharging
Potions
 b - a potion of lignification
 d - a potion of heal wounds
 g - 2 potions of resistance
 i - a potion of cure mutation
 j - 5 potions of curing
 u - 2 potions of haste
 D - 2 potions of brilliance
 E - 4 potions of invisibility
 V - a potion of berserk rage
Books
 T - a book of Battle

   Spells                             Type                      Level
   a - Infusion                       Charms                       1
   b - Shroud of Golubria             Charms/Translocation         2
   c - Song of Slaying                Charms                       2
   d - Spectral Weapon                Hexes/Charms                 3
   e - Regeneration                   Charms/Necromancy            3
   Trog disapproves of the use of such an item.
 X - a manual of Armour
Miscellaneous
 J - a fan of gales
 M - a lamp of fire
 N - a box of beasts
Comestibles
 n - 3 meat rations
 t - 4 bread rations
 Q - 5 fruits
 R - a beef jerky
 Z - a slice of pizza


   Skills:
 + Level 9.8 Fighting
 + Level 5.9 Short Blades
 + Level 7.5 Maces & Flails
 + Level 6.1 Polearms
 + Level 10.2 Armour
 + Level 10.2 Dodging
 + Level 3.1 Stealth


You had 10 spell levels left.
You didn't know any spells.

Dungeon Overview and Level Annotations

Branches:
Dungeon (10/15)            Temple (0/1) D:5
   Lair: D:8-11         Orc: D:9-12

Altars:
Ashenzari
Cheibriados
Dithmenos
Nemelex Xobeh
Okawaru
Pakellas
Ru
Vehumet
Yredelemnul

Shops:
D:5 (   D:7 }}

Annotations:
D:9 !


Innate Abilities, Weirdness & Mutations

You reflexively headbutt those who attack you in melee.
You have a pair of large horns on your head.
You are agile. (Dex +2)
Scrolls take you a little longer to read.
Your flesh is very heat resistant.
Your magical capacity is low (-10% MP).


Message History

The swamp worm bites you! x2; The swamp worm closely misses you.
You furiously retaliate!
You headbutt the swamp worm, but do no damage.
Your unstable footing causes you to fumble your attack.
The swamp worm misses you. You furiously retaliate!
You headbutt the swamp worm. The swamp worm closely misses you.
You furiously retaliate!
You headbutt the swamp worm. You closely miss the swamp worm.
The swamp worm is lightly wounded.
The swamp worm bites you. The swamp worm bites you!
* * * LOW HITPOINT WARNING * * *
Your unstable footing causes you to fumble your attack.
The swamp worm bites you.
* * * LOW HITPOINT WARNING * * *
The swamp worm bites you!
* * * LOW HITPOINT WARNING * * *
You hit the swamp worm. You headbutt the swamp worm!
The swamp worm is heavily wounded.
The swamp worm bites you!
You die...

..##.# #.##.# #.##.# ########
#.##.#####......###
#.##.......≈≈≈≈≈≈≈###
#.#######≈≈≈≈≈≈≈†≈≈≈##
#.#.....≈≈≈#######≈≈≈#
#......#≈≈P#†≈≈≈≈##≈≈##
###.##.#≈≈≈≈†≈≈≈@w#≈≈.#
....<..#≈≈≈#†≈≈≈w##≈≈.#
##...#.#≈≈≈#######≈≈≈.#
##...#.#.≈≈≈≈≈≈≈≈≈≈≈#.#
##...#.#†##≈≈≈≈≈≈≈#...#
##...#.#.†.....#....###
##...#.......#.#...##############
.....................)........>..
...###.......#.#.#######.........


You could see 2 swamp worms.

Vanquished Creatures
  An unseen horror (D:9)
  A hill giant (D:10)
  The ghost of crazymagnet the Carver, a novice MiBe of Trog (D:7)
  Maurice (D:8)
  The ghost of xarabydun the Charlatan, an amateur DDAr (D:6)
  3 trolls
  A wyvern (D:9)
  A wraith (D:7)
  A yak (D:6)
  A steam dragon (D:8)
  A hippogriff (D:10)
  A water moccasin (D:9)
  2 orc warriors
  A black bear (D:7)
  2 sky beasts
  3 ice beasts
  A wasp (D:8)
  2 necrophages (D:7)
  3 phantoms
  3 ogres
  3 centaurs
  10 big kobolds
  A gnoll sergeant (D:8)
  5 giant frogs
  2 wyvern zombies
  2 scorpions
  8 wights
  10 killer bees
  3 spriggan skeletons (D:9)
  A troll skeleton (D:9)
  The ghost of Aziraphale the Vexing, a weakling DsEn (D:3)
  4 howler monkeys
  7 crimson imps
  2 centaur zombies
  A quasit (D:5)
  A wasp zombie (D:8)
  4 human zombies (D:7)
  A giant frog zombie (D:10)
  Crazy Yiuf (D:2)
  4 orc priests
  3 centaur skeletons
  4 hounds
  A jelly (D:6)
  2 human skeletons (D:7)
  An iguana (D:8)
  5 orc wizards
  Natasha (D:2)
  A worker ant (D:10)
  A hound zombie (D:6)
  A hound skeleton (D:9)
  2 worker ant zombies
  3 gnolls (D:8)
  10 adders
  A howler monkey skeleton (D:5)
  5 river rats
  A shadow imp (D:6)
  3 oozes
  2 adder zombies (D:9)
  An adder skeleton (D:4)
  25 worms
  5 dart slugs
  10 giant geckos
  41 orcs
  2 giant cockroaches
  10 goblins
  8 hobgoblins
  14 jackals
  24 kobolds
  5 quokkas
  4 ball pythons
  10 bats
  A giant cockroach zombie (D:1)
  2 giant gecko zombies
  4 giant newts
  A jackal zombie (D:8)
  An orc zombie (D:7)
  12 rats
  A fungus (D:2)
  A plant (D:10)
331 creatures vanquished.

Vanquished Creatures (others)
  A centaur skeleton (D:4)
  2 plants (D:10)
3 creatures vanquished.

Grand Total: 334 creatures vanquished

Notes
Turn   | Place    | Note
--------------------------------------------------------------
     0 | D:1      | theRoog the Minotaur Berserker began the quest for the Orb.
     0 | D:1      | Reached XP level 1. HP: 19/19 MP: 0/0
    79 | D:1      | Reached XP level 2. HP: 17/27 MP: 1/1
   785 | D:2      | Reached XP level 3. HP: 33/33 MP: 2/2
   849 | D:2      | Reached ** piety under Trog
   984 | D:2      | Noticed Crazy Yiuf
   991 | D:2      | Killed Crazy Yiuf
   991 | D:2      | Reached XP level 4. HP: 27/41 MP: 0/3
  1013 | D:2      | Found an iron altar of Okawaru.
  1364 | D:2      | Found a faded altar to an unknown god.
  1466 | D:2      | Noticed Natasha
  1468 | D:2      | Killed Natasha
  1601 | D:3      | Reached XP level 5. HP: 39/47 MP: 4/4
  1654 | D:3      | Noticed Aziraphale's ghost (weakling DsEn)
  1679 | D:3      | Killed Aziraphale's ghost
  1679 | D:3      | Reached skill level 5 in Polearms
  1838 | D:3      | Noticed a phantom
  1869 | D:3      | Killed a phantom
  1869 | D:3      | Reached skill level 5 in Fighting
  1869 | D:3      | Reached XP level 6. HP: 9/56 MP: 5/5
  2632 | D:4      | Found an oddly glowing altar of Pakellas.
  2669 | D:4      | Reached *** piety under Trog
  3437 | D:4      | Found a radiant altar of Vehumet.
  3496 | D:4      | Got a brightly glowing short sword
  3599 | D:5      | Entered Level 5 of the Dungeon
  3820 | D:5      | Found Utaste Zixt's Antique Weapon Shop.
  3930 | D:5      | Reached XP level 7. HP: 41/61 MP: 6/6
  3966 | D:5      | Identified Sif Muna's Introduction to Spellweaving
  4027 | D:5      | Reached skill level 1 in Maces & Flails
  4027 | D:5      | Reached skill level 5 in Armour
  4027 | D:5      | Reached skill level 1 in Stealth
  4045 | D:5      | Reached skill level 5 in Dodging
  4054 | D:5      | Found a staircase to the Ecumenical Temple.
  4199 | D:5      | Found a glowing drain.
  4204 | Sewer    | Entered a sewer
  4418 | Sewer    | Reached XP level 8. HP: 65/70 MP: 7/7
  4597 | Sewer    | Reached **** piety under Trog
  5238 | D:6      | Found a snail-covered altar of Cheibriados.
  5561 | D:6      | Reached XP level 9. HP: 78/78 MP: 8/8
  5625 | D:6      | Noticed xarabydun's ghost (amateur DDAr)
  5636 | D:6      | Killed xarabydun's ghost
  5636 | D:6      | Reached skill level 5 in Maces & Flails
  5975 | D:6      | Reached ***** piety under Trog
  5982 | D:6      | Gained mutation: You have a pair of large horns on your head. [potion of mutation]
  5982 | D:6      | Gained mutation: Your magical capacity is low (-10% MP). [potion of mutation]
  5982 | D:6      | Gained mutation: Scrolls take you a little longer to read. [potion of mutation]
  5994 | D:6      | Identified the +8 short sword "Hoageso" {pierce, Dex+5} (You found it on level 4 of the Dungeon)
  5995 | D:6      | Gained mutation: You are agile. (Dex +2) [potion of mutation]
  5995 | D:6      | Gained mutation: Your flesh is heat resistant. [potion of mutation]
  5995 | D:6      | Gained mutation: Your flesh is very heat resistant. [potion of mutation]
  6026 | D:7      | Found Niock's Gadget Boutique.
  6034 | D:7      | Noticed crazymagnet's ghost (novice MiBe)
  6053 | D:7      | Killed crazymagnet's ghost
  6132 | D:7      | Found a sacrificial altar of Ru.
  6133 | D:7      | Found a shadowy altar of Dithmenos.
  6339 | D:7      | Found an oddly glowing altar of Pakellas.
  6339 | D:7      | Found Pakellas's Prime Provisions.
  6441 | D:7      | Found a basalt altar of Yredelemnul.
  6473 | D:7      | Reached XP level 10. HP: 72/88 MP: 8/8
  6481 | D:7      | Reached skill level 1 in Short Blades
  6664 | D:8      | HP: 5/133 [iguana (8)]
  7062 | D:8      | Noticed Maurice
  7091 | D:8      | Received a gift from Trog
  7101 | D:8      | Killed Maurice
  8563 | D:9      | Found a sparkling altar of Nemelex Xobeh.
  8635 | D:9      | Reached skill level 10 in Dodging
  8709 | D:9      | Killed an unseen horror
  8709 | D:9      | Reached skill level 5 in Short Blades
  8795 | D:9      | Found a shattered altar of Ashenzari.
  8818 | D:9      | Reached XP level 11. HP: 65/97 MP: 8/8
  9064 | D:10     | Entered Level 10 of the Dungeon
  9319 | D:10     | Noticed a hill giant
  9330 | D:10     | Killed a hill giant
  9330 | D:10     | Reached skill level 10 in Armour
  9756 | D:10     | Slain by a swamp worm

Skill      XL: |  1  2  3  4  5  6  7  8  9 10 11 |
---------------+----------------------------------+-----
Fighting       | 4 5 6 8 9 |  9.8
Polearms       | 4 5 6 |  6.1
Armour         | 3 4 6 8 9 10 | 10.2
Dodging        | 3 4 5 7 8 10 | 10.2
Maces & Flails | 2 4 7 |  7.5
Stealth        | 1 2 3 |  3.1
Short Blades   | 5 |  5.9

Action                   |  1- 3 |  4- 6 |  7- 9 | 10-12 || total
-------------------------+-------+-------+-------+-------++-------
Melee: Spear             |   101 |   183 |       |       ||   284
       Headbutt          |    21 |    31 |    55 |    99 ||   206
       Morningstar       |       |    30 |   258 |       ||   288
       Short sword       |       |       |    57 |   319 ||   376
Invok: Berserk           |       |     1 |     2 |     1 ||     4
       Trog's Hand       |       |     1 |       |       ||     1
       Burn Spellbooks   |       |       |     1 |       ||     1
  Use: Scroll            |       |     3 |    10 |     5 ||    18
       Potion            |       |     3 |     7 |     4 ||    14
 Stab: Sleeping          |       |       |     1 |     1 ||     2
  Eat: Bread ration      |       |     2 |     1 |     1 ||     4
       Chunk             |       |     2 |     3 |       ||     5
       Beef jerky        |       |       |     1 |       ||     1
       Pizza             |       |       |     1 |     1 ||     2
       Meat ration       |       |       |       |     1 ||     1
       Royal jelly       |       |       |       |     4 ||     4
Armor: Animal skin       |     2 |       |       |       ||     2
       Ring mail         |    19 |    48 |       |       ||    67
       Scale mail        |       |    17 |   137 |       ||   154
       Leather armour    |       |       |    12 |    20 ||    32
       Plate armour      |       |       |       |   108 ||   108
Dodge: Dodged            |    39 |    83 |   212 |   195 ||   529
